 Dungeon Crawl Stone Soup version 0.30-a0-878-gc727b3d3d6 (webtiles) character file.

Game seed: 16435429682681463160

10663 Jossarian the Thaumaturge (level 11, -5/49 HPs)
             Began as a Spriggan Conjurer on Mar 11, 2023.
             Was an Elder of Vehumet.
             Shot with an arrow by a centaur warrior (17 damage)
             ... on level 11 of the Dungeon on Mar 12, 2023.
             The game lasted 03:21:42 (18830 turns).

Jossarian the Thaumaturge (Spriggan Conjurer)      Turns: 18830, Time: 03:21:42

Health: -5/49      AC:  5    Str:  3    XL:     11   Next: 39%
Magic:  29/29      EV: 18    Int: 25    God:    Vehumet [****..]
Gold:   267        SH:  0    Dex: 13    Spells: 6/37 levels left

rFire   . . .      SeeInvis +    l - +10 morningstar "Eos" {elec, Halo rElec}
rCold   + . .      Faith    .    (no shield)
rNeg    + . .      Spirit   .    B - +2 robe {rF+}
rPois   .          Reflect  .    (helmet restricted)
rElec   +          Rampage  .    P - +0 cloak
rCorr   .                        (gloves unavailable)
Will    +....                    (boots unavailable)
Stlth   +                        n - amulet of magic regeneration
HPRegen 0.28/turn                y - ring of positive energy
MPRegen 0.61/turn                u - ring of ice

@: glowing, very quick
A: very small, no large weapons, unfitting armour, see invisible, speed 3
a: Renounce Religion


You were on level 11 of the Dungeon.
You worshipped Vehumet.
Vehumet was greatly pleased with you.
You visited 3 branches of the dungeon, and saw 13 of its levels.
You also visited: Ossuary.

You collected 735 gold pieces.
You spent 468 gold pieces at shops.

Inventory:

Hand Weapons
 l - the +10 morningstar "Eos" (weapon) {elec, Halo rElec}
   (You found it on level 2 of the Dungeon)

   Halo:      It grants its wielder a halo, revealing invisible creatures and
   increasing accuracy against all within it other than the wielder.
   rElec:     It insulates you from electricity.
 w - a +2 shortbow of freezing
 L - the +3 whip of Defiance {heavy, Will+ Str-3 Int+3}
   (You found it on level 9 of the Dungeon)

   Str:       It affects your strength (-3).
   Int:       It affects your intelligence (+3).
   Will:      It increases your willpower.
 N - a +0 lajatang of venom
Missiles
 f - 20 poisoned darts (quivered)
 h - 75 stones
 o - 4 atropa-tipped darts
 r - 2 throwing nets
 t - 6 boomerangs
 z - 6 curare-tipped darts
Armour
 B - a +2 robe of fire resistance (worn)
 D - +0 acid dragon scales
 P - a +0 cloak (worn)
Magical Staves
 G - a staff of death
 K - a staff of fire
Jewellery
 i - an amulet of guardian spirit
 n - an amulet of magic regeneration (around neck)
 u - a ring of ice (right hand)
 y - a ring of positive energy (left hand)
Wands
 E - a wand of flame (12)
 O - a wand of digging (5)
 Q - a wand of roots (3)
Scrolls
 a - a scroll of acquirement {unknown}
 g - 8 scrolls of teleportation
 p - a scroll of brand weapon
 q - 2 scrolls of amnesia
 A - 2 scrolls of enchant armour
 M - a scroll of torment {unknown}
Potions
 b - 3 potions of magic
 c - 2 potions of attraction {unknown}
 d - 3 potions of resistance {unknown}
 e - 5 potions of ambrosia
 j - 2 potions of heal wounds {unknown}
 k - a potion of mutation {unknown}
 m - 6 potions of flight
 s - 2 potions of lignification {unknown}
 v - 2 potions of curing
 x - 2 potions of cancellation {unknown}
 C - a potion of invisibility {unknown}
 H - 2 potions of degeneration {unknown}
 I - a potion of might {unknown}
 J - 4 potions of haste


   Skills:
 + Level 1.0 Fighting
 + Level 4.0 Throwing
 + Level 5.1 Dodging
 + Level 4.9 Stealth
 + Level 13.7 Spellcasting
 + Level 8.3 Conjurations
 + Level 4.6 Hexes
 + Level 0.1 Fire Magic
 + Level 0.8 Ice Magic
 + Level 3.3 Air Magic
 + Level 4.6 Poison Magic


You had 6 spell levels left.
You knew the following spells:

 Your Spells              Type           Power      Damage    Failure   Level
a - Magic Dart            Conj           100%       1d8       1%          1
b - Searing Ray           Conj           100%       2d8       1%          2
c - Mephitic Cloud        Conj/Pois/Air  44%        N/A       1%          3
d - Freeze                Ice            100%       1d10      1%          1
e - Fulminant Prism       Conj/Hex       24%        3d12      1%          4
f - Sandblast             Erth           34%        2d9       1%          1
g - Vampiric Draining     Necr           17%        2d7       10%         3
h - Kindle Blastsparks    Fire/Tloc/Air  46%        2d13      1%          3
i - Ignite Poison         Fire/Tmut/Pois 25%        N/A       1%          3
j - Sticky Flame          Conj/Fire      38%        2d6       1%          4
k - Summon Guardian Gole  Hex/Summ       28%        N/A       3%          3
l - Frozen Ramparts       Ice            62%        1d10      1%          3

Your spell library contained the following spells:

 Spells                   Type           Power      Damage    Failure   Level
 Dazzling Flash           Conj/Hex       98%        N/A       1%          3
 Iskenderun's Mystic Bla  Conj/Tloc      38%        2d9       1%          4
 Iskenderun's Battlesphe  Conj           56%        2d11      1%          5
 Necrotise                Necr           68%        1d7       3%          1
 Summon Small Mammal      Summ           68%        N/A       3%          1
 Call Imp                 Summ           17%        N/A       4%          2
 Irradiate                Conj/Tmut      19%        3d18      4%          5
 Call Canine Familiar     Summ           17%        N/A       10%         3
 Metabolic Englaciation   Hex/Ice        23%        N/A       30%         5
 Agony                    Necr           17%        N/A       67%         5
 Polar Vortex             Ice            15%        N/A       100%        9


Dungeon Overview and Level Annotations

Branches:
Dungeon (11/15)            Temple (1/1) D:4            Lair (1/5) D:10
Ossuary (visited)
    Orc: D:9-12

Altars:
Ashenzari
Cheibriados
Dithmenos
Elyvilon
Fedhas
Gozag
Hepliaklqana
Kikubaaqudgha
Makhleb
Nemelex Xobeh
Okawaru
Qazlal
Ru
Sif Muna
Trog
Uskayaw
Vehumet
Wu Jian
Xom
Yredelemnul
Zin
The Shining One

Shops:
D:7 *

Annotations:
Lair:1 exclusion: oklob plant


Innate Abilities, Weirdness & Mutations

You are very small and have problems with some larger weapons.
You are too small for most types of armour.
You have supernaturally acute eyesight. (SInv)
You cover ground extremely quickly. (Speed+++)


Message History

You hear an explosion!
You hear an angry hiss.
You hear a shout!
You start resting.
Magic restored.
Things that are here:
a +0 flail; a gnoll skeleton
Things that are here:
a +0 flail; a +0 scale mail A centaur warrior comes into view.
It is wielding a staff of poison.
Casting: Fulminant Prism (dangerous; 1% risk of failure)
Confirm with . or Enter, or press ? or * to list all spells.
Okay, then.
Casting: Fulminant Prism (dangerous; 1% risk of failure)
Confirm with . or Enter, or press ? or * to list all spells.
A cloud of volatile blastsparks flares up around you!
The centaur warrior wields a +2 shortbow of freezing.
It is covered in frost.
The centaur warrior shoots an arrow.
The arrow closely misses you.
You hear a shout!
The centaur warrior shoots an arrow.
The arrow hits you! The arrow freezes you.
The centaur warrior shoots an arrow.
The arrow barely misses you.
The centaur warrior shoots an arrow.
The arrow hits you!!
Ouch! That really hurt!
* * * LOW HITPOINT WARNING * * *
The arrow freezes you.
* * * LOW HITPOINT WARNING * * *
The cloud of blastsparks explodes!
The concussive blast engulfs the centaur warrior!
The centaur warrior is moderately wounded.
Things that are here:
a +0 flail; a gnoll skeleton
Casting: Kindle Blastsparks (safe; 1% risk of failure)
Confirm with . or Enter, or press ? or * to list all spells.
A cloud of volatile blastsparks flares up around you!
Things that are here:
a +0 flail; a gnoll skeleton
There is a stone staircase leading up here.
You start resting.
The centaur warrior shoots an arrow.
The arrow misses you.
The centaur warrior shoots an arrow.
The arrow hits you!
You die...

#.# #.#####.#
..).....#
#)####### ...##
....##############
....).).....)..c.#
.....##.########.#
...#.##.# #@#
........# #.#
..##.##.# #.#
..##.##.# #.#
........# #.#
.###>#### #.#
.###.# #.# .....#
..# .#####


You could see a centaur warrior.

Vanquished Creatures
  A boulder beetle (D:9)
  A two-headed ogre (D:7)
  A swamp dragon (shapeshifter) (D:11)
  Maurice (D:9)
  A gargoyle (D:9)
  An unseen horror (D:10)
  A troll (D:10)
  Grinder (D:7)
  A hornet (D:10)
  A wraith (D:9)
  A vampire (D:9)
  A wyvern (D:11)
  7 yaks
  Eustachio (D:5)
  2 steam dragons
  4 vampire mosquitoes (D:11)
  Menkaure (D:3)
  4 acid dragons
  2 water moccasins
  2 orc warriors
  A black bear (D:6)
  Duvessa (D:4)
  3 ice beasts
  2 sky beasts
  3 ogres
  4 centaurs
  2 phantoms
  3 kobold brigands
  2 bullfrogs
  2 gnoll sergeants
  4 scorpions
  9 wights
  Dowan (D:4)
  7 killer bees
  8 howler monkeys
  5 jellies
  4 hounds
  An orc priest (D:3)
  2 iguanas
  A sleepcap (D:7)
  6 orc wizards
  8 mummies (Ossuary)
  8 gnolls
  12 adders
  A shadow imp (D:7)
  3 white imps
  An ufetubus (D:5)
  An adder skeleton (D:2)
  2 worms (D:2)
  20 orcs
  12 ball pythons
  6 bats
  7 endoplasms
  5 giant cockroaches
  2 gnoll zombies (Ossuary)
  5 goblins
  10 hobgoblins
  8 quokkas
  A ball python skeleton (D:2)
  A ball python zombie (D:2)
  2 frilled lizards
  3 hobgoblin zombies (Ossuary)
  A jackal skeleton (D:2)
  3 jackal zombies
  19 kobolds
  A kobold zombie (Ossuary)
  2 orc zombies (Ossuary)
  2 quokka skeletons (D:2)
  7 rats
  17 bushes (D:7)
  11 fulminant prisms
287 creatures vanquished.

Vanquished Creatures (collateral kills)
  A killer bee (D:10)
1 creature vanquished.

Vanquished Creatures (others)
  152 fulminant prisms
  6 plants (D:4)
158 creatures vanquished.

Grand Total: 446 creatures vanquished

Notes
Turn   | Place    | Note
-------+----------+-------------------------------------------
     0 | D:1      | Jossarian the Spriggan Conjurer began the quest for the
                  | Orb.
     0 | D:1      | Reached XP level 1. HP: 9/9 MP: 5/5
   248 | D:1      | Reached XP level 2. HP: 13/13 MP: 3/6
   251 | D:1      | Learned a level 2 spell: Searing Ray
   325 | D:1      | Reached skill level 3 in Spellcasting
  1700 | D:1      | Reached XP level 3. HP: 16/16 MP: 3/8
  2729 | D:2      | Found a faded altar of an unknown god.
  2755 | D:2      | Found the +10 morningstar "Eos" {elec, Halo rElec}
  2761 | D:2      | Learned a level 3 spell: Mephitic Cloud
  3211 | D:2      | Reached XP level 4. HP: 21/21 MP: 1/10
  4044 | D:3      | Reached skill level 4 in Spellcasting
  4674 | D:3      | Reached XP level 5. HP: 24/24 MP: 3/13
  5146 | D:3      | Found a sparkling altar of Nemelex Xobeh.
  5593 | D:4      | Noticed Grinder
  5600 | D:3      | Reached skill level 5 in Spellcasting
  5849 | D:4      | Found a staircase to the Ecumenical Temple.
  6032 | D:4      | Noticed Menkaure
  6178 | D:3      | Killed Menkaure
  6179 | D:3      | Reached XP level 6. HP: 28/28 MP: 10/15
  6348 | Temple   | Entered the Ecumenical Temple
  6441 | Temple   | Became a worshipper of Vehumet
  6590 | D:4      | Reached skill level 1 in Throwing
  6886 | D:4      | Noticed Dowan
  6890 | D:4      | Noticed Duvessa
  6915 | D:4      | Killed Duvessa
  6916 | D:4      | Reached skill level 6 in Spellcasting
  6916 | D:4      | Reached XP level 7. HP: 32/32 MP: 6/17
  6943 | D:4      | Killed Dowan
  7437 | D:5      | Entered Level 5 of the Dungeon
  7451 | D:5      | Found a shimmering blue altar of Sif Muna.
  7537 | D:5      | Reached * piety under Vehumet
  7537 | D:5      | Offered knowledge of Freeze by Vehumet.
  7553 | D:5      | Reached skill level 7 in Spellcasting
  7666 | D:5      | Learned a level 1 spell: Freeze
  7781 | D:5      | Reached skill level 5 in Conjurations
  7842 | D:5      | Noticed Eustachio
  7870 | D:5      | Killed Eustachio
  7871 | D:5      | Reached skill level 1 in Poison Magic
  7919 | D:5      | Reached XP level 8. HP: 36/36 MP: 11/20
  8808 | D:6      | Reached skill level 8 in Spellcasting
  8808 | D:6      | Reached skill level 1 in Air Magic
  9115 | D:6      | Reached skill level 9 in Spellcasting
  9720 | D:6      | Reached XP level 9. HP: 30/39 MP: 19/23
 10207 | D:7      | Noticed a two-headed ogre
 10218 | D:7      | Killed a two-headed ogre
 10333 | D:7      | Reached skill level 10 in Spellcasting
 10479 | D:7      | Killed Grinder
 10541 | D:7      | Offered knowledge of Sandblast by Vehumet.
 10547 | D:7      | Reached ** piety under Vehumet
 10973 | D:6      | Learned a level 4 spell: Fulminant Prism
 11311 | D:7      | Learned a level 1 spell: Sandblast
 11434 | D:7      | Reached XP level 10. HP: 44/44 MP: 19/25
 11603 | D:7      | Reached skill level 1 in Hexes
 11633 | D:7      | Offered knowledge of Hailstorm by Vehumet.
 11634 | D:7      | Reached skill level 11 in Spellcasting
 11979 | D:7      | Found a blossoming altar of Fedhas.
 12364 | D:7      | Found a burning altar of Makhleb.
 12647 | D:7      | Learned a level 3 spell: Vampiric Draining
 12747 | D:7      | Found Sezxaoc's Elemental Accessories.
 13211 | D:8      | Found a sand-covered staircase.
 13218 | Ossuary  | Entered an ossuary
 13223 | Ossuary  | Reached *** piety under Vehumet
 13486 | D:7      | Bought the Grimoire of the Glacier for 468 gold pieces
 13555 | D:8      | Reached skill level 12 in Spellcasting
 14060 | D:8      | Offered knowledge of Kindle Blastsparks by Vehumet.
 15216 | D:9      | Noticed a boulder beetle
 15234 | D:9      | Killed a boulder beetle
 15321 | D:9      | Found a glowing silver altar of Zin.
 15506 | D:9      | Reached skill level 13 in Spellcasting
 15728 | D:9      | Identified the +3 whip of Defiance {heavy, Will+ Str-3
                  | Int+3}
 15848 | D:9      | Noticed Maurice
 15877 | D:9      | Killed Maurice
 15878 | D:9      | Reached XP level 11. HP: 48/48 MP: 18/29
 16096 | D:9      | Upgraded the game from 0.30-a0-870-gc5d4c5acee to
                  | 0.30-a0-878-gc727b3d3d6
 16347 | D:10     | Entered Level 10 of the Dungeon
 16973 | D:10     | Found a staircase to the Lair.
 17174 | D:10     | Reached **** piety under Vehumet
 17534 | D:10     | Got the Folio of Energetic Moulding
 17539 | D:10     | Learned a level 3 spell: Kindle Blastsparks
 17543 | D:10     | Learned a level 3 spell: Ignite Poison
 17548 | D:10     | Learned a level 4 spell: Sticky Flame
 17552 | D:10     | Learned a level 3 spell: Summon Guardian Golem
 17784 | Lair:1   | Entered Level 1 of the Lair of Beasts
 17786 | Lair:1   | Noticed an oklob plant
 18264 | D:11     | Reached skill level 5 in Dodging
 18309 | D:11     | Reached skill level 1 in Fighting
 18373 | D:11     | Offered knowledge of Frozen Ramparts by Vehumet.
 18383 | D:11     | Learned a level 3 spell: Frozen Ramparts
 18669 | D:11     | Noticed a swamp dragon
 18688 | D:11     | Killed a swamp dragon
 18719 | D:11     | Identified the ring "Hoskalal" {rF+ rCorr Str+6 Int-4
                  | Stlth+}
 18719 | D:11     | Noticed a tengu warrior
 18721 | D:11     | a manticore changed into a mana viper
 18721 | D:11     | Noticed a mana viper (shapeshifter)
 18794 | D:11     | Noticed a centaur warrior
 18830 | D:11     | Shot with an arrow by a centaur warrior

Illustrated notes

Levels and vault maps discovered:
D:1:      minmay_arrival_stone_box, layout_loops_cross
D:2:      layout_loops_ring, hellmonk_ecumenical_altar_lost_god, serial_undead,
          serial_undead_a, serial_undead_e, serial_undead_e, serial_undead_e,
          serial_undead_f, minmay_diced_spiral
D:3:      layout_basic, nemelex_diamond_rough_becter
D:4:      layout_rooms, minmay_temple_entry_overgrown, serial_corexii_hall,
          corexii_hall_statues_l, corexii_hall_statues_deadend,
          chequers_big_river, chequers_serial_rivers_micro_c, uniq_menkaure,
          uniq_duvessa, uniq_grinder
D:5:      layout_cave_pools, nicolae_sif_muna_condensation,
          serial_bayou_crossing, uniq_eustachio
D:6:      layout_basic, chequers_serial_rivers_small_3,
          hangedman_decor_opposing, chequers_arboretum,
          chequers_serial_rivers_large_a
D:7:      minmay_bubble_buster, layout_basic,
          mainiacjoe_overflow_small_starburst, fedhas_bush_and_centaur_altar,
          nicolae_elemental_shop, amcnicky_mini_pool_medium
D:8:      layout_layer_cave, enter_ossuary_3, grunt_ministairs_1
D:9:      layout_big_octagon, zin_academy, nicolae_zen_rock_garden, st_stairs_8,
          uniq_maurice
D:10:     layout_loops_ring, lair_entry_dummy
D:11:     minmay_the_grid_triangle_9x9_recursive_2_mashed
          [minmay_the_grid_triangle_9x9_prize_center,
          minmay_the_grid_triangle_9x9_steps,
          minmay_the_grid_triangle_9x9_checkered,
          minmay_the_grid_triangle_9x9_limited_checkers], layout_loops_ring,
          serial_shops, nicolae_shop_crystal
Temple:   minmay_temple_bridge_d
Lair:1:   layout_hall_layers, lemuel_fruit_fields, uniq_fannar, uniq_sonja

Skill      XL: |  1  2  3  4  5  6  7  8  9 10 11 |
---------------+----------------------------------+-----
Conjurations   | 3 4 5 6 7 8 |  8.3
Spellcasting   | 3 4 5 6 7 9 10 13 | 13.7
Stealth        | 4 |  4.9
Dodging        | 3 4 5 |  5.1
Throwing       | 1 2 3 4 |  4.0
Poison Magic   | 1 2 4 |  4.6
Air Magic      | 1 2 3 |  3.3
Hexes          | 4 |  4.6
Fighting       | 1 |  1.0
Fire Magic     | |  0.1
Ice Magic      | |  0.8

Action                     |  1- 3 |  4- 6 |  7- 9 | 10-12 || total
---------------------------+-------+-------+-------+-------++-------
  Melee: Morningstar       |     1 |     3 |       |   229 ||   233
         Punch             |       |       |       |     7 ||     7
  Throw: Dart              |     9 |     4 |    18 |     8 ||    39
         Stone             |     2 |       |       |       ||     2
         Throwing net      |       |       |     1 |       ||     1
   Cast: Magic Dart        |    82 |    54 |    58 |    48 ||   242
         Searing Ray       |    14 |    25 |    71 |    28 ||   138
         Mephitic Cloud    |       |     5 |    29 |    36 ||    70
         Freeze            |       |       |     3 |       ||     3
         Fulminant Prism   |       |       |    10 |   153 ||   163
         Sandblast         |       |       |       |     3 ||     3
         Vampiric Draining |       |       |       |     2 ||     2
         Kindle Blastspark |       |       |       |     4 ||     4
         Sticky Flame      |       |       |       |     1 ||     1
         Ignite Poison     |       |       |       |     1 ||     1
         Summon Guardian G |       |       |       |     1 ||     1
         Frozen Ramparts   |       |       |       |     1 ||     1
    Use: Scroll            |     3 |     5 |     3 |     8 ||    19
         Potion            |       |       |       |     2 ||     2
 Armour: Robe              |       |     1 |     3 |     7 ||    11
  Dodge: Dodged            |    10 |    17 |    25 |    45 ||    97

Table legend: (Time is in decaauts)
 A = Elapsed time spent in this place.
 B = Non-inter-level travel time spent in this place.
 C = Inter-level travel time spent in this place.
 D = Time resting spent in this place.
 E = Time spent auto-exploring this place.
 F = Levels seen in this place.
 G = Mean time per level.
                   A        B        C        D        E       F      G
               +--------+--------+--------+--------+--------+-----+--------+
         Total |  14489 |   9104 |   5385 |   6098 |      0 |  14 | 1034.9 |
       Dungeon |  14201 |   8913 |   5288 |   6063 |      0 |  11 | 1291.0 |
        Temple |    100 |      3 |     97 |      0 |      0 |   1 |  100.0 |
          Lair |     11 |     11 |      0 |      0 |      0 |   1 |   11.0 |
       Ossuary |    175 |    175 |      0 |     35 |      0 |   1 |  175.0 |
               +--------+--------+--------+--------+--------+-----+--------+

Top non-repeatable levels by time:
     D:3: 1800 daAuts
     D:6: 1785 daAuts
     D:7: 1739 daAuts
     D:2: 1678 daAuts
     D:1: 1618 daAuts
     D:8: 1236 daAuts
     D:9: 1164 daAuts
    D:10: 1063 daAuts
     D:5: 832 daAuts
     D:4: 784 daAuts
    D:11: 498 daAuts
 Ossuary: 175 daAuts
  Temple: 100 daAuts
  Lair:1: 11 daAuts
